MLB
ST. LOUIS CARDINALS @ MILWAUKEE BREWERS
09/15/2045
 
TOP OF THE 1ST
St. Louis Cardinals batting - Pitching for Milwaukee Brewers : LHP Antonio Diaz
Pitching: LHP Antonio Diaz
Batting: RHB Rick O'Reilly 0-0: Called Strike
0-1: Foul Ball, location: 2F
0-2: Foul Ball, location: 2F
0-2: SINGLE (Line Drive, 34, EV 98.1 MPH)
Batting: RHB Tenshou Takita 0-0: Foul Ball, location: 2F
0-1: Bunted foul
0-2: Ball
1-2: Ball
2-2: Grounds into double play, 4-6-3 (Groundball, 34, EV 84.4 MPH)
Batting: RHB Eric Chotkowski 0-0: Ball
1-0: Foul Ball, location: 2F
1-1: Ground out 4-3 (Groundball, 4M, EV 85.0 MPH)
Top of the 1st over - 0 runs, 1 hit, 0 errors, 0 left on base; St. Louis 0 - Milwaukee 0
BOTTOM OF THE 1ST
Milwaukee Brewers batting - Pitching for St. Louis Cardinals : RHP Chris Perretta
Pitching: RHP Chris Perretta
Batting: SHB Jamel Wright 0-0: Ball
1-0: Called Strike
1-1: Foul Ball, location: 2F
1-2: Ball
2-2: Fly out, F7 (Flyball, 78D, EV 97.5 MPH)
Batting: RHB Daniel Donovan 0-0: Ground out 4-3 (Groundball, 4D, EV 99.4 MPH)
Batting: SHB Lewis Thorpe Jr. 0-0: Foul Ball, location: 2F
0-1: Ball
1-1: Ground out 6-3 (Groundball, P, EV 90.0 MPH)
Bottom of the 1st over - 0 runs, 0 hits, 0 errors, 0 left on base; St. Louis 0 - Milwaukee 0
TOP OF THE 2ND
St. Louis Cardinals batting - Pitching for Milwaukee Brewers : LHP Antonio Diaz
Batting: RHB Pavpv Ivanushkin 0-0: Ball
1-0: Ball
2-0: Swinging Strike
2-1: Foul Ball, location: 2F
2-2: Fly out, F8 (Flyball, 8LXD, EV 108.8 MPH)
Batting: SHB Hans Mikkelsen 0-0: Ball
1-0: Ball
2-0: Ball
3-0: Base on Balls
Batting: RHB Dustin Clark 0-0: Ball
1-0: DOUBLE (Line Drive, 78D, EV 105.0 MPH)
Hans Mikkelsen to third
Runner from 3rd tries for Home, SAFE, throw by CF to home
Batting: RHB Jorge Benites 0-0: Called Strike
0-1: Swinging Strike
0-2: Ball
1-2: SINGLE (Flyball, 8LS, EV 83.1 MPH)
Dustin Clark to third
Batting: SHB Luke Robbins 0-0: Called Strike
Jorge Benites steals 2nd base
0-1: Ball
1-1: TRIPLE (Flyball, 9LD, EV 108.8 MPH)
Dustin Clark scores
Jorge Benites scores
Batting: RHB Sergio Godinez 0-0: Fly out, F8 (Flyball, 8LM, EV 94.4 MPH)
Runner from 3rd tags up, OUT at HOME! 8-2
Top of the 2nd over - 3 runs, 3 hits, 0 errors, 0 left on base; St. Louis 3 - Milwaukee 0
BOTTOM OF THE 2ND
Milwaukee Brewers batting - Pitching for St. Louis Cardinals : RHP Chris Perretta
Batting: SHB Jason Woods 0-0: Ground out 4-3 (Groundball, 4, EV 105.0 MPH)
Batting: SHB Jean-François Bernard 0-0: Foul Ball, location: 2F
0-1: Foul Ball, location: 2F
0-2: Ball
1-2: Ball
2-2: Foul Ball, location: 2F
2-2: Foul Ball, location: 2F
2-2: Strikes out looking
Batting: RHB Bobby Muniz 0-0: Ball
1-0: Ball
2-0: Foul Ball, location: 2F
2-1: Fly out, F9 (Flyball, 9S, EV 83.1 MPH)
Bottom of the 2nd over - 0 runs, 0 hits, 0 errors, 0 left on base; St. Louis 3 - Milwaukee 0
TOP OF THE 3RD
St. Louis Cardinals batting - Pitching for Milwaukee Brewers : LHP Antonio Diaz
Batting: RHB Rick O'Reilly 0-0: Ball
1-0: Swinging Strike
1-1: Called Strike
1-2: Strikes out swinging
Batting: RHB Tenshou Takita 0-0: Foul Ball, location: 2F
0-1: Fly out, F7 (Flyball, 7, EV 80.0 MPH)
Batting: RHB Eric Chotkowski 0-0: Ball
1-0: Ball
2-0: Ball
3-0: Called Strike
3-1: Base on Balls
Batting: RHB Pavpv Ivanushkin 0-0: Ball
1-0: Called Strike
1-1: Ball
2-1: Swinging Strike
2-2: Fly out, F4 (Popup, 4M, EV 74.4 MPH)
Top of the 3rd over - 0 runs, 0 hits, 0 errors, 1 left on base; St. Louis 3 - Milwaukee 0
BOTTOM OF THE 3RD
Milwaukee Brewers batting - Pitching for St. Louis Cardinals : RHP Chris Perretta
Batting: RHB Noah Stanley 0-0: Swinging Strike
0-1: SINGLE (Groundball, P, EV 90.0 MPH) (infield hit)
Batting: RHB Kisho Ito 0-0: Ball
1-0: Called Strike
1-1: Called Strike
1-2: Ball
2-2: DOUBLE (Line Drive, 78XD, EV 104.4 MPH)
Noah Stanley to third
Batting: RHB Ben Campbell 0-0: Ball
1-0: Called Strike
1-1: Foul Ball, location: 2F
1-2: Ball
2-2: Foul Ball, location: 2F
2-2: Foul Ball, location: 2F
2-2: Ground out 6-3 (Groundball, 56, EV 93.1 MPH)
Noah Stanley scores
Batting: SHB Jamel Wright 0-0: Ball
1-0: Called Strike
1-1: Foul Ball, location: 2F
1-2: Foul Ball, location: 2F
1-2: Strikes out looking
Batting: RHB Daniel Donovan 0-0: Ball
1-0: SINGLE (Groundball, 56D, EV 103.8 MPH)
Kisho Ito to third
Runner from 3rd tries for Home, SAFE, throw by LF to home
Batting: SHB Lewis Thorpe Jr. 0-0: Called Strike
Daniel Donovan steals 2nd base
0-1: Ball
1-1: Foul Ball, location: 2F
1-2: Foul Ball, location: 2F
1-2: Fly out, F8 (Flyball, 8RM, EV 94.4 MPH)
Bottom of the 3rd over - 2 runs, 3 hits, 0 errors, 1 left on base; St. Louis 3 - Milwaukee 2
TOP OF THE 4TH
St. Louis Cardinals batting - Pitching for Milwaukee Brewers : LHP Antonio Diaz
Batting: SHB Hans Mikkelsen 0-0: Ball
1-0: Ball
2-0: Called Strike
2-1: Called Strike
2-2: Ball
3-2: Fly out, F9 (Flyball, 89D, EV 106.9 MPH)
Batting: RHB Dustin Clark 0-0: Called Strike
0-1: Fly out, F7 (Flyball, 78D, EV 91.9 MPH)
Batting: RHB Jorge Benites 0-0: Called Strike
0-1: Ball
1-1: Fly out, F8 (Line Drive, 8RD, EV 101.9 MPH)
Top of the 4th over - 0 runs, 0 hits, 0 errors, 0 left on base; St. Louis 3 - Milwaukee 2
BOTTOM OF THE 4TH
Milwaukee Brewers batting - Pitching for St. Louis Cardinals : RHP Chris Perretta
Batting: SHB Jason Woods 0-0: Ball
1-0: Called Strike
1-1: SOLO HOME RUN (Flyball, 9LD, EV 96.9 MPH), Distance : 354 ft
Batting: SHB Jean-François Bernard 0-0: Ball
1-0: Foul Ball, location: 2F
1-1: Ground out U3 (Groundball, 34S, EV 90.0 MPH)
Batting: RHB Bobby Muniz 0-0: Ball
1-0: Fly out, F9 (Flyball, 9, EV 94.4 MPH)
Batting: RHB Noah Stanley 0-0: Called Strike
0-1: Ball
1-1: Called Strike
1-2: Foul Ball, location: 2F
1-2: Ground out 6-3 (Groundball, 6, EV 87.5 MPH)
Bottom of the 4th over - 1 run, 1 hit, 0 errors, 0 left on base; St. Louis 3 - Milwaukee 3
TOP OF THE 5TH
St. Louis Cardinals batting - Pitching for Milwaukee Brewers : LHP Antonio Diaz
Batting: SHB Luke Robbins 0-0: Called Strike
0-1: Foul Ball, location: 2F
0-2: Ball
1-2: Ground out 4-3 (Groundball, 4, EV 104.4 MPH)
Batting: RHB Sergio Godinez 0-0: Ball
1-0: Foul Ball, location: 2F
1-1: Foul Ball, location: 2F
1-2: Ground out 5-3 (Groundball, 56S, EV 84.4 MPH)
Batting: RHB Rick O'Reilly 0-0: Ball
1-0: Ball
2-0: Called Strike
2-1: Ball
3-1: Reached on error, E7 (Line Drive, 7, EV 89.4 MPH)
Batting: RHB Tenshou Takita 0-0: Ball
1-0: Foul Ball, location: 2F
1-1: Ball
2-1: Called Strike
2-2: Ball
3-2: Fly out, F8 (Flyball, 8RD, EV 76.2 MPH)
Top of the 5th over - 0 runs, 0 hits, 1 error, 1 left on base; St. Louis 3 - Milwaukee 3
BOTTOM OF THE 5TH
Milwaukee Brewers batting - Pitching for St. Louis Cardinals : RHP Chris Perretta
Batting: RHB Kisho Ito 0-0: Fly out, F9 (Line Drive, 9, EV 88.1 MPH)
Batting: RHB Ben Campbell 0-0: Ground out 5-3 (Groundball, 56, EV 90.6 MPH)
Batting: SHB Jamel Wright 0-0: Ball
1-0: Ball
2-0: Ball
3-0: Called Strike
3-1: Base on Balls
Batting: RHB Daniel Donovan 0-0: Called Strike
0-1: Called Strike
0-2: Ball
Jamel Wright steals 2nd base
1-2: Foul Ball, location: 2F
1-2: Foul Ball, location: 2F
1-2: Reached on error, E4 (Groundball, 4, EV 103.8 MPH)
Jamel Wright to third
Batting: SHB Lewis Thorpe Jr. 0-0: 3-RUN HOME RUN (Flyball, 8LXD, EV 105.6 MPH), Distance : 419 ft
Pitching: RHP Doug Nickey
Batting: SHB Jason Woods 0-0: Fly out, F4 (Popup, 4, EV 63.1 MPH)
Bottom of the 5th over - 3 runs, 1 hit, 1 error, 0 left on base; St. Louis 3 - Milwaukee 6
TOP OF THE 6TH
St. Louis Cardinals batting - Pitching for Milwaukee Brewers : LHP Antonio Diaz
Batting: RHB Eric Chotkowski 0-0: Ball
1-0: Fly out, F9 (Flyball, 89M, EV 93.8 MPH)
Batting: RHB Pavpv Ivanushkin 0-0: Swinging Strike
0-1: Ball
1-1: Ball
2-1: Ball
3-1: Foul Ball, location: 2F
3-2: Foul Ball, location: 2F
3-2: Foul Ball, location: 2F
3-2: Foul Ball, location: 2F
3-2: Base on Balls
Batting: SHB Hans Mikkelsen 0-0: 2-RUN HOME RUN (Flyball, 7D, EV 98.8 MPH), Distance : 379 ft
Pitching: RHP Ernie Schmutz
Pinch Hitting: LHB Tom Butterbaugh 0-0: Ground out 4-3 (Groundball, 4, EV 108.1 MPH)
Batting: RHB Jorge Benites 0-0: Ball
1-0: DOUBLE (Line Drive, 89M, EV 95.6 MPH)
Batting: SHB Luke Robbins 0-0: Ball
1-0: Ball
2-0: Called Strike
2-1: Fly out, F7 (Flyball, 7D, EV 92.5 MPH)
Top of the 6th over - 2 runs, 2 hits, 0 errors, 1 left on base; St. Louis 5 - Milwaukee 6
BOTTOM OF THE 6TH
Milwaukee Brewers batting - Pitching for St. Louis Cardinals : RHP Doug Nickey
Now at 2B: Eric Chotkowski
Now at 3B: Tom Butterbaugh
Now at SS: Luke Robbins
Batting: SHB Jean-François Bernard 0-0: Ground out 1-3 (Groundball, 13S, EV 66.9 MPH)
Batting: RHB Bobby Muniz 0-0: Ball
1-0: Ball
2-0: Ground out 5-3 (Groundball, 56, EV 99.4 MPH)
Batting: RHB Noah Stanley 0-0: Ball
1-0: Ball
2-0: Ball
3-0: Called Strike
3-1: Foul Ball, location: 2F
3-2: Foul Ball, location: 2F
3-2: Base on Balls
Batting: RHB Kisho Ito 0-0: Called Strike
0-1: Fly out, F8 (Flyball, 8RD, EV 97.5 MPH)
Bottom of the 6th over - 0 runs, 0 hits, 0 errors, 1 left on base; St. Louis 5 - Milwaukee 6
TOP OF THE 7TH
St. Louis Cardinals batting - Pitching for Milwaukee Brewers : RHP Ernie Schmutz
Batting: RHB Sergio Godinez 0-0: Called Strike
0-1: Ball
1-1: Called Strike
1-2: Foul Ball, location: 2F
1-2: Ball
2-2: Ball
3-2: Base on Balls
Batting: RHB Rick O'Reilly 0-0: Foul Ball, location: 2F
0-1: Ground out 5-3 (Groundball, 56S, EV 82.5 MPH)
Sergio Godinez to second
Batting: RHB Tenshou Takita 0-0: Called Strike
0-1: Ball
1-1: Ball
2-1: Foul Ball, location: 2F
2-2: Fly out, F7 (Flyball, 7LD, EV 90.0 MPH)
Runner from 2nd tags up, SAFE at 3rd, no throw by LF
Pinch Hitting: SHB Antoine Roux 0-0: Ball
1-0: Ball
2-0: Ball
3-0: Base on Balls
Batting: RHB Pavpv Ivanushkin 0-0: Called Strike
0-1: Ball
1-1: Ball
2-1: Fielders Choice at 2nd, 5-4 (Groundball, 5L, EV 103.8 MPH)
Top of the 7th over - 0 runs, 0 hits, 0 errors, 2 left on base; St. Louis 5 - Milwaukee 6
BOTTOM OF THE 7TH
Milwaukee Brewers batting - Pitching for St. Louis Cardinals : RHP Doug Nickey
Pitching: RHP Luis Herrera
Now at 2B: Antoine Roux
Batting: RHB Ben Campbell 0-0: Foul Ball, location: 2F
0-1: Ground out 6-3 (Groundball, 6MD, EV 86.9 MPH)
Batting: SHB Jamel Wright 0-0: Called Strike
0-1: Swinging Strike
0-2: Strikes out swinging
Batting: RHB Daniel Donovan 0-0: Called Strike
0-1: Ball
1-1: Swinging Strike
1-2: Ball
2-2: Strikes out swinging
Bottom of the 7th over - 0 runs, 0 hits, 0 errors, 0 left on base; St. Louis 5 - Milwaukee 6
TOP OF THE 8TH
St. Louis Cardinals batting - Pitching for Milwaukee Brewers : RHP Ernie Schmutz
Pitching: RHP Mekonen Mahfudh
Batting: SHB Hans Mikkelsen 0-0: Called Strike
0-1: Called Strike
0-2: Foul Ball, location: 2F
0-2: Ball
1-2: Ball
2-2: Strikes out swinging
Batting: LHB Tom Butterbaugh 0-0: Ball
1-0: Called Strike
1-1: Ball
2-1: Ground out 4-3 (Groundball, 4, EV 90.0 MPH)
Batting: RHB Jorge Benites 0-0: Ball
1-0: Called Strike
1-1: Ball
2-1: Fly out, F9 (Line Drive, 9D, EV 99.4 MPH)
Top of the 8th over - 0 runs, 0 hits, 0 errors, 0 left on base; St. Louis 5 - Milwaukee 6
BOTTOM OF THE 8TH
Milwaukee Brewers batting - Pitching for St. Louis Cardinals : RHP Luis Herrera
Pitching: RHP Bryan Banana
Batting: SHB Lewis Thorpe Jr. 0-0: Ball
1-0: Foul Ball, location: 2F
1-1: Ball
2-1: SINGLE (Line Drive, 8RS, EV 98.1 MPH)
Batting: SHB Jason Woods 0-0: Ball
1-0: Ball
2-0: Fielders Choice at 2nd, 3-6 (Groundball, 3, EV 90.6 MPH)
Batting: SHB Jean-François Bernard 0-0: Ball
1-0: Foul Ball, location: 2F
1-1: Ball
Jason Woods is caught stealing 2nd base 2-6
2-1: SINGLE (Line Drive, 6M, EV 95.0 MPH)
Batting: RHB Bobby Muniz 0-0: Called Strike
0-1: Fly out, F9 (Flyball, 9, EV 95.0 MPH)
Bottom of the 8th over - 0 runs, 2 hits, 0 errors, 1 left on base; St. Louis 5 - Milwaukee 6
TOP OF THE 9TH
St. Louis Cardinals batting - Pitching for Milwaukee Brewers : RHP Mekonen Mahfudh
Pitching: RHP John York
Batting: SHB Luke Robbins 0-0: Ball
1-0: Fly out, F8 (Line Drive, 8LD, EV 91.2 MPH)
Pinch Hitting: LHB Ben Rubenacker 0-0: Ball
1-0: Ball
2-0: Ball
3-0: Called Strike
3-1: Base on Balls
Pinch Hitting: SHB Billy Durham 0-0: Called Strike
0-1: Foul Ball, location: 2F
0-2: Strikes out swinging
Batting: RHB Tenshou Takita 0-0: Ball
Passed Ball!
Ben Rubenacker to second
1-0: Ball
2-0: Ball
3-0: Called Strike
3-1: DOUBLE (Flyball, 8RXD, EV 115.6 MPH)
Ben Rubenacker scores
Batting: SHB Antoine Roux 0-0: Intentional Walk
Batting: RHB Pavpv Ivanushkin 0-0: Foul Ball, location: 2F
0-1: Ball
1-1: Fly out, F3 (Popup, 34S, EV 82.5 MPH)
Top of the 9th over - 1 run, 1 hit, 0 errors, 2 left on base; St. Louis 6 - Milwaukee 6
BOTTOM OF THE 9TH
Milwaukee Brewers batting - Pitching for St. Louis Cardinals : RHP Bryan Banana
Pitching: RHP Brent Garland
Now at C: Billy Durham
Now in CF: Hans Mikkelsen
Now in RF: Frank Hill
Batting: RHB Noah Stanley 0-0: Ball
1-0: Fly out, F9 (Flyball, 89S, EV 91.2 MPH)
Batting: RHB Kisho Ito 0-0: Foul Ball, location: 2F
0-1: Ball
1-1: Ball
2-1: Swinging Strike
2-2: Fly out, F8 (Line Drive, 8RD, EV 108.1 MPH)
Batting: RHB Ben Campbell 0-0: DOUBLE (Line Drive, 9D, EV 91.2 MPH)
Batting: SHB Jamel Wright 0-0: Intentional Walk
Batting: RHB Daniel Donovan 0-0: Called Strike
0-1: Called Strike
0-2: Ball
1-2: Foul Ball, location: 2F
1-2: Strikes out looking
Bottom of the 9th over - 0 runs, 1 hit, 0 errors, 2 left on base; St. Louis 6 - Milwaukee 6
TOP OF THE 10TH
St. Louis Cardinals batting - Pitching for Milwaukee Brewers : RHP John York
Pitching: RHP Malibok Fflunker
Batting: SHB Hans Mikkelsen 0-0: Ball
1-0: Ground out 6-3 (Groundball, 4M, EV 91.9 MPH)
Batting: LHB Tom Butterbaugh 0-0: Swinging Strike
0-1: Ball
1-1: Called Strike
1-2: Foul Ball, location: 2F
1-2: Foul Ball, location: 2F
1-2: Ground out 4-3 (Groundball, 4, EV 85.6 MPH)
Batting: RHB Jorge Benites 0-0: Swinging Strike
0-1: Foul Ball, location: 2F
0-2: Ball
1-2: Foul Ball, location: 2F
1-2: SOLO HOME RUN (Flyball, 7LD, EV 103.8 MPH), Distance : 371 ft
Batting: SHB Luke Robbins 0-0: Ball
1-0: Swinging Strike
1-1: Called Strike
1-2: Foul Ball, location: 2F
1-2: Ball
2-2: Strikes out swinging
Top of the 10th over - 1 run, 1 hit, 0 errors, 0 left on base; St. Louis 7 - Milwaukee 6
BOTTOM OF THE 10TH
Milwaukee Brewers batting - Pitching for St. Louis Cardinals : RHP Brent Garland
Batting: SHB Lewis Thorpe Jr. 0-0: Called Strike
0-1: SINGLE (Line Drive, 78XD, EV 100.6 MPH)
Batting: SHB Jason Woods 0-0: Called Strike
Lewis Thorpe Jr. steals 2nd base (no throw)
0-1: Foul Ball, location: 2F
0-2: Strikes out swinging
Batting: SHB Jean-François Bernard 0-0: Ball
1-0: Ball
2-0: Ball
3-0: Foul Ball, location: 2F
3-1: Foul Ball, location: 2F
3-2: Base on Balls
Batting: RHB Bobby Muniz 0-0: Ball
1-0: Fly out, F9 (Line Drive, 9, EV 97.5 MPH)
Runner from 2nd tags up, OUT at 3rd! 9-5
Bottom of the 10th over - 0 runs, 1 hit, 0 errors, 1 left on base; St. Louis 7 - Milwaukee 6
Wednesday, June 22nd , 2022 - OOTP Baseball 23.4 Build 64